AoeStats
← cobradorxbox

Arena

508752226Analyzed
4v4 RM · 8d ago on Sep 23, 2026· 62m 27s· 8 players
Game mode
Random Map
Map size
Large (8 player)
Population
200
Speed
Normal
Resources
Standard
Victory
Conquest
Starting age
Dark Age
Ending age
Imperial Age
RankedLock teamsTeams togetherTeam positionsShared explorationLock speedFull tech treeHidden civsTurbo modeCheats
Victory
Defeat
🇵🇪 Hindustanis · Peru
1076
+14
🇪🇸 Goths · Spain
1075
+14
🇦🇹 Britons · Austria
1053
+15
🇨🇦 Varangians · Canada
1038
+16
🇦🇺 Celts · Australia
1088
-16
🇺🇸 Celts · United States
1042
-15
🇺🇸 Mongols · United States
1018
-38
🇺🇸 Bengalis · United States
1012
-14
lord_joshi
11:09 Feudal Age
9:25 Loom
9:33 Loom
12:54 Wheelbarrow
12:01 Horse Collar
13:09 Double-Bit Axe
16:56 Fletching
21:28 Castle Age
19:56 Gold Mining
19:57 Stone Mining
20:56 Padded Archer Armor
22:29 Hand Cart
22:16 Heavy Plow
22:28 Bow Saw
22:07 Man-at-Arms
24:11 Town Watch
25:38 Bodkin Arrow
27:29 Crossbowman
28:25 Leather Archer Armor
30:21 Sanctity
35:01 Gold Shaft Mining
35:41 Ballistics
36:22 Fervor
37:32 Yeomen
41:55 Imperial Age
42:40 Bracer
45:01 Two-Man Saw
45:25 Chemistry
45:44 Ring Archer Armor
46:57 Hoardings
48:55 Masonry
49:08 Husbandry
50:22 Architecture
52:16 Treadmill Crane
56:23 Murder Holes
cobradorxbox
1:00 Loom
11:29 Feudal Age
16:40 Castle Age
15:55 Horse Collar
16:07 Double-Bit Axe
22:53 Wheelbarrow
27:13 Heavy Plow
28:42 Bow Saw
38:01 Imperial Age
36:19 Hand Cart
36:59 Gold Mining
37:03 Stone Mining
37:17 Squires
37:24 Anarchy
39:28 Crop Rotation
40:07 Two-Man Saw
39:56 Forging
39:50 Scale Mail Armor
41:57 Elite Huskarl
44:09 Iron Casting
43:49 Chain Mail Armor
44:28 Perfusion
46:48 Blast Furnace
51:17 Pikeman
53:10 Conscription
53:11 Halberdier
61:30 Spies/Treason
eward17
10:57 Feudal Age
11:34 Double-Bit Axe
14:57 Castle Age
13:26 Horse Collar
15:50 Bow Saw
15:41 Heavy Plow
17:29 Wheelbarrow
22:52 Hand Cart
22:33 Gold Mining
22:34 Stone Mining
28:46 Imperial Age
26:04 Loom
26:06 Town Watch
26:43 Scale Barding Armor
26:48 Forging
26:55 Vendel Legacy
27:46 Forging
28:57 Chain Barding Armor
29:12 Iron Casting
29:01 Husbandry
29:12 Bloodlines
30:12 Ballistics
30:44 Plate Barding Armor
31:22 Conscription
32:22 Two-Man Saw
30:52 Cavalier
33:03 Siege Engineers
35:07 Stone Shaft Mining
35:35 Blast Furnace
34:28 Fletching
36:06 Arson
37:28 Scale Mail Armor
37:33 Squires
37:43 Elite Varangian Guard
38:56 Chain Mail Armor
44:23 Plate Mail Armor
53:06 Bodkin Arrow
54:35 Bracer
54:36 Padded Archer Armor
55:13 Elite Skirmisher
56:25 Leather Archer Armor
58:55 Ring Archer Armor
59:39 Chemistry
58:50 Masonry
58:36 Murder Holes
58:22 Treadmill Crane
60:37 Fortified Wall
marshall_o18
0:50 Loom
10:10 Feudal Age
16:06 Castle Age
14:53 Double-Bit Axe
29:43 Imperial Age
28:32 Fortified Wall
28:51 Pikeman
29:32 Squires
31:53 Chemistry
38:07 Arson
41:06 Onager
42:25 Town Watch
42:26 Heavy Camel Rider
43:17 Bloodlines
43:56 Husbandry
44:12 Scale Barding Armor
44:18 Forging
44:09 Scale Mail Armor
50:39 Imperial Camel Rider
Bandit
4:19 Loom
10:05 Feudal Age
10:31 Double-Bit Axe
17:27 Castle Age
16:14 Stone Mining
16:43 Gold Mining
17:11 Town Watch
17:41 Scale Mail Armor
19:27 Fletching
20:04 Horse Collar
23:10 Wheelbarrow
23:25 Pikeman
26:23 Forging
27:33 Bow Saw
36:32 Imperial Age
34:13 Bodkin Arrow
36:26 Hand Cart
37:18 Chain Mail Armor
37:31 Halberdier
37:48 Onager
39:30 Gold Shaft Mining
39:38 Halberdier
40:29 Town Patrol
40:58 Capped Ram
42:03 Furor Celtica
42:33 Conscription
42:24 Heavy Plow
43:23 Plate Mail Armor
44:15 Elite Woad Raider
45:08 Siege Ram
47:08 Iron Casting
47:27 Hoardings
49:42 Blast Furnace
NobleHobo
8:00 Loom
12:15 Feudal Age
13:48 Horse Collar
13:55 Double-Bit Axe
18:32 Castle Age
21:08 Fletching
21:23 Husbandry
21:37 Bloodlines
23:49 Bodkin Arrow
23:54 Padded Archer Armor
25:58 Ballistics
28:37 Gold Mining
30:28 Wheelbarrow
30:29 Devotion
31:40 Leather Archer Armor
32:07 Hand Cart
33:57 Town Watch
38:41 Imperial Age
38:47 Elite Elephant Archer
39:30 Bracer
40:00 Ring Archer Armor
46:09 Conscription
45:59 Paiks
raggner_thetueton
8:27 Feudal Age
13:34 Castle Age
12:28 Stone Mining
13:02 Double-Bit Axe
13:47 Loom
18:38 Fletching
21:24 Bodkin Arrow
23:40 Ballistics
27:40 Bow Saw
27:13 Horse Collar
31:02 Padded Archer Armor
31:08 Scale Barding Armor
32:16 Husbandry
32:45 Bloodlines
32:52 Murder Holes
36:09 Pikeman
37:21 Squires
39:10 Scale Mail Armor
Mr_Fox
11:26 Feudal Age
16:10 Castle Age
14:05 Double-Bit Axe
17:19 Horse Collar
21:27 Wheelbarrow
21:14 Bow Saw
22:24 Heavy Plow
24:13 Gold Mining
24:15 Stone Mining
25:34 Hand Cart
26:44 Loom
26:51 Town Watch
27:46 Gold Shaft Mining
27:48 Stone Shaft Mining
28:39 Town Patrol
29:38 Ballistics
32:14 Imperial Age
31:30 Fletching
31:40 Padded Archer Armor
32:46 Heavy Scorpion
35:09 Chemistry
34:15 Siege Engineers
34:21 Scale Mail Armor
34:31 Forging
34:17 Bodkin Arrow
34:38 Pikeman
35:03 Gambesons
36:10 Halberdier
39:19 Chain Mail Armor
39:40 Iron Casting
41:11 Plate Mail Armor
Connection lost

Rejoining the realm…

Still unreachable

The connection could not be restored.

Session expired

The server has moved on; the page needs a fresh start.